[Event "1000GM Memorial Day NY IM-C 2023"]
[Site "New York"]
[Date "2023.05.26"]
[Round "2.5"]
[White "Mahajan, Rushaan"]
[Black "Zumsande, Martin"]
[Result "1-0"]
[ECO "E06"]
[WhiteElo "2279"]
[BlackElo "2454"]
[Annotator "TA"]
[PlyCount "93"]
[EventDate "2023.05.23"]
[EventType "tourn"]
[EventCountry "USA"]
[SourceTitle "playchess.com"]
[Source "ChessBase"]
[SourceQuality "1"]
[TimeControl "5400+30"]

1. Nf3 d5 2. g3 Nf6 3. Bg2 e6 4. c4 Be7 5. d4 O-O 6. Nc3 dxc4 7. Ne5 Qd6 {[%emt 0:00:04] E06: Closed Catalan: Early deviations.} 8. Nxc4 Qa6 (8... Qb4 9. Qd3 Rd8 10. b3 $16) 9. Qb3 Nc6 {[%emt 0:04:23] The position is equal.} 10. e3 Rb8 11. a4 Na5 (11... Bd7 {with more complications.} 12. O-O b5 13. Nxb5 Nxd4 14. exd4 Bxb5 15. axb5 Qxa1 16. Ne5 Qa6) 12. Nxa5 Qxa5 {[%emt 0:00:04] [#]} 13. Qb5 $146 ({Predecessor:} 13. O-O c5 14. dxc5 Bd7 15. e4 Qxc5 16. Bf4 e5 17. Be3 Qb4 18. Qxb4 Bxb4 19. Bxa7 {1-0 Afonasieva,A (2303)-Petrukhina,O (2166) Korolev 2019 (3)}) 13... Qb4 14. Bd2 {[%emt 0:03:58][%cal Oc3d5] Nd5! is the strong threat.} Bd7 15. Qxb4 Bxb4 16. Ke2 c5 17. dxc5 Bxc5 18. Rhd1 Rfc8 19. Rac1 h5 20. Be1 Kf8 (20... Bc6 $11 21. e4 a6) 21. Ne4 $14 {[%emt 0:03:30][%mdl 64] Discovered Attack, Deflection} Nxe4 {[%emt 0:07:04] This move loses the game for Black.} ({Better is} 21... Be7 $14) 22. Rxd7 $18 Ke8 {[%emt 0:02:49] [#]} 23. Rd3 $1 ({Don't play} 23. Rcd1 $6 Nf6 24. Rxb7 Rxb7 25. Bxb7 Rb8) 23... Nd6 {[%emt 0:03:31] [#]} 24. Rxc5 $1 Rxc5 25. Rxd6 Rc2+ 26. Rd2 Rc1 27. Be4 b6 28. Rc2 Rxc2+ 29. Bxc2 Rc8 30. Bc3 Ke7 31. Bd3 f6 32. Kd2 h4 33. b4 ({Resist} 33. gxh4 $6 Rh8 $16) 33... hxg3 34. hxg3 ({Don't do} 34. fxg3 $6 g5 35. h3 Rg8 $18) 34... Kd6 35. a5 bxa5 36. bxa5 e5 37. Be4 {[%emt 0:04:07] Black must now prevent a6.} Rc4 (37... Kc5 $142 38. f4 Rd8+ 39. Bd3 Kd6) 38. f3 Ra4 (38... Rc8 $142 39. Bb4+ Ke6) 39. Kc2 {[%emt 0:00:35] Strongly threatening Kb3.} Ra2+ 40. Kb3 Rf2 41. Bb4+ Kc7 42. Bc5 a6 43. Bb6+ Kb8 44. g4 g6 45. Bxg6 Rxf3 46. Kc4 Rg3 47. Bf5 {[%emt 0:00:07] Weighted Error Value: White=0.07 (flawless) /Black=0.52} 1-0

[Event "1000GM Memorial Day NY IM-C 2023"]
[Site "New York"]
[Date "2023.05.27"]
[Round "3.1"]
[White "Zumsande, Martin"]
[Black "Sazci, Bilgen"]
[Result "1/2-1/2"]
[ECO "B18"]
[WhiteElo "2454"]
[BlackElo "1827"]
[Annotator "TA"]
[PlyCount "43"]
[EventDate "2023.05.23"]
[EventType "tourn"]
[EventCountry "USA"]
[SourceTitle "playchess.com"]
[Source "ChessBase"]
[SourceQuality "1"]
[TimeControl "5400+30"]

1. e4 c6 2. d4 d5 3. Nc3 dxe4 4. Nxe4 Bf5 5. Qf3 Bxe4 6. Qxe4 {[%emt 0:00:06] B18: Classical Caro-Kann: 4...Bf5 sidelines.} Nf6 7. Qd3 e6 8. Nf3 {[%emt 0:00:26] White has an edge.} Be7 9. g3 O-O 10. Bg2 Nbd7 11. O-O Qb6 {[%emt 0:03:47] [#]} 12. c4 $146 ({Predecessor:} 12. b3 Rad8 13. Bb2 Rfe8 14. h3 Bd6 15. c4 Bb8 16. Rad1 Qa5 17. Qb1 Nf8 18. Rfe1 {1-0 Castro,R-Teixeira,F (1810) Jatai Kativa IRT 2012 (3)}) 12... Rfd8 13. Qe2 c5 14. Be3 Ng4 15. Bg5 (15. b4 $1 $14) 15... Bxg5 $11 {[%emt 0:02:11] The position is equal.} 16. Nxg5 Ngf6 17. dxc5 Nxc5 18. Rfd1 a5 19. Nf3 h6 20. Ne5 Rxd1+ 21. Rxd1 Rd8 {[%emt 0:00:16] [#] Wards off Qd2. Threatens to win with ...Rxd1+.} 22. Rd2 {[%emt 0:12:11] Weighted Error Value: White=0.10 (very precise) /Black=0.08 (flawless)} 1/2-1/2

[Event "1000GM Memorial Day NY IM-C 2023"]
[Site "New York"]
[Date "2023.05.27"]
[Round "3.2"]
[White "Lee, Megan"]
[Black "Mahajan, Rushaan"]
[Result "1-0"]
[ECO "C54"]
[WhiteElo "2261"]
[BlackElo "2279"]
[Annotator "TA"]
[PlyCount "98"]
[EventDate "2023.05.23"]
[EventType "tourn"]
[EventCountry "USA"]
[SourceTitle "playchess.com"]
[Source "ChessBase"]
[SourceQuality "1"]
[TimeControl "5400+30"]

1. e4 e5 2. Nf3 Nc6 3. Bc4 Bc5 4. c3 Nf6 5. d3 d6 6. O-O a6 7. a4 {[%emt 0:00:26] C54: Giuoco Piano: 4 c3 Nf6, main lines with 5 d4 and 5 d3.} Ba7 8. Re1 h6 9. h3 {[%emt 0:02:57] White has an edge.} g5 10. Nh2 {[%emt 0:05:48] [#]} g4 $1 11. hxg4 (11. Nxg4 Nxg4) 11... Rg8 (11... h5 $1 $15 {deserves consideration.} 12. g5 Ng4) 12. Be3 (12. Bxh6 $2 {is the wrong capture.} Nxg4 13. Be3 (13. Nxg4 $2 Bxg4 14. Qd2 Bf3 $19) 13... Bxe3 14. Rxe3 Nxe3 15. fxe3 Qh4 $19) 12... Nxg4 {[%emt 0:07:08] [#]} 13. Bxa7 $146 ({Predecessor:} 13. Qf3 Rg7 14. Bxa7 Nxh2 15. Qh5 Ng4 16. Be3 Qf6 17. Nd2 Bd7 18. Kf1 O-O-O 19. Nf3 {0-1 Hardaway,B (2394)-Ringoir,T (2490) Charlotte CCCSA Spring GM-A 2023 (7)}) 13... Nxh2 14. Qh5 Qf6 15. Qxh2 {[%emt 0:01:20] Strongly threatening Be3.} Nxa7 16. Nd2 Bg4 17. Nf1 O-O-O 18. Ne3 {[%emt 0:02:20] aiming for Nxg4.} h5 19. Nd5 Qg5 20. f4 exf4 21. Qxf4 Be6 22. Qxg5 Rxg5 23. Rf1 Nc6 24. d4 {[%emt 0:03:12] Inhibits Ne5.} Rdg8 25. Rf2 h4 26. Kh2 Rg3 27. Bf1 Bxd5 28. exd5 Ne7 29. c4 (29. Bc4 $5 ) 29... R8g7 30. Re1 f5 31. Rf4 R3g4 32. Rxg4 fxg4 $14 {[%emt 0:00:01][%mdl 4096] Endgame KRB-KRN} 33. Bd3 {[%emt 0:00:18] Prevents Nf5} Kd7 (33... b5 $11) 34. Re4 {[%emt 0:01:11] White is more active.} Rg5 {[%emt 0:06:50] [#] Loses the game.} (34... h3 $14) 35. Be2 $1 $18 g3+ 36. Kh3 Ng6 37. Bg4+ Kd8 38. Be6 a5 39. Bf7 Ne7 40. Kxh4 Rg7 41. Be6 Ng6+ 42. Kh5 ({Much less strong is} 42. Kxg3 $6 Ne5+ 43. Kf4 Nd3+ 44. Kf5 Rxg2 $16) 42... Ne7 43. Rf4 c6 $2 (43... Rh7+ 44. Kg5 Ke8) 44. dxc6 $2 (44. Rf8+ Kc7 45. Re8 Rh7+ 46. Kg5) 44... bxc6 (44... Nxc6 {was necessary.} 45. Kh4 Kc7) 45. d5 {[%emt 0:00:01] And now Rf8+ would win.} Rh7+ 46. Kg5 {[%emt 0:00:25] Rf8+ would be deadly.} cxd5 $2 (46... Kc7 47. Rh4 Rxh4 48. Kxh4 cxd5 49. Bxd5 Nf5+ 50. Kg4 Nd4 51. Kxg3 Kd7) 47. cxd5 ({Stronger than} 47. Bxd5 Nxd5 48. cxd5 Rh2 $11) 47... Rh2 48. Rf8+ Kc7 49. Kf6 Rh7 {[%emt 0:01:05] Weighted Error Value: White=0.12 (very precise) /Black=0.31} 1-0

[Event "1000GM Memorial Day NY IM-C 2023"]
[Site "New York"]
[Date "2023.05.27"]
[Round "3.3"]
[White "Reiss, Aiden"]
[Black "Moor, Nathaniel Philip"]
[Result "1-0"]
[ECO "C88"]
[WhiteElo "2138"]
[BlackElo "2185"]
[Annotator "TA"]
[PlyCount "61"]
[EventDate "2023.05.23"]
[EventType "tourn"]
[EventCountry "USA"]
[SourceTitle "playchess.com"]
[Source "ChessBase"]
[SourceQuality "1"]
[TimeControl "5400+30"]

1. e4 e5 2. Nf3 Nc6 3. Bb5 a6 4. Ba4 Nf6 5. O-O Be7 6. Re1 b5 7. Bb3 O-O 8. a4 Bb7 9. d3 d6 10. Nc3 Na5 11. Ba2 b4 12. Ne2 Rb8 13. Ng3 Bc8 {[%emt 0:00:30] C88: Closed Ruy Lopez: Anti-Marshall Systems.} 14. c3 c5 15. d4 Qc7 {[%emt 0:00:30] [#]} (15... bxc3 $11 {keeps the balance.} 16. bxc3 Qc7) 16. Nh4 $146 (16. cxb4 $1 $16 {dxe5 is the strong threat.} Rxb4 17. dxe5 dxe5 18. Bd2) ({Predecessor:} 16. cxb4 cxb4 17. Bg5 b3 18. Rc1 Qb6 19. Bb1 Nc6 20. d5 Nd4 21. Nxd4 Qxd4 22. Qxd4 exd4 {1-0 Ter Sahakyan,S (2637)-Erigaisi,A (2629) Wch Blitz Warsaw 2021 (4)}) 16... g6 17. Bg5 (17. Nf3 $11) 17... b3 18. Bb1 c4 (18... Bg4 $15 19. Nf3 cxd4 20. cxd4 Nc6) 19. Qf3 (19. Nf3 $11) 19... Ng4 $17 {[%emt 0:34:50][%mdl 64] Discovered Attack} 20. Nhf5 Bxg5 $19 (20... gxf5 21. Nxf5 Bxg5 22. Qxg4 $11) 21. Qxg4 f6 (21... gxf5 22. Qxg5+ Kh8 23. Qf6+ (23. exf5 f6 $18) 23... Kg8 24. Nh5 fxe4 25. Qg7#) 22. h4 Bf4 (22... gxf5 23. exf5 h6 24. hxg5 hxg5 25. Be4 $18) ({Better is} 22... Bd2 $1 $17 23. Rd1 Bf4) 23. h5 $2 (23. Ne2 $1 $15) 23... Bg5 24. hxg6 hxg6 25. Rd1 gxf5 26. exf5 Bb7 (26... Nc6 $1 $19 {Strongly threatening ...d5.} 27. Ne4 exd4 28. Nxg5 Qg7 {[%mdl 64] Pin}) 27. Ne4 (27. dxe5 $17 dxe5 28. Be4) 27... Rbe8 28. dxe5 dxe5 ({Worse is} 28... Bxe4 29. exf6 Rxf6 30. Bxe4 $11) 29. Nxg5 (29. Kf1 $142) 29... fxg5 $4 {[%emt 0:00:06][%mdl 8192] [#]} (29... Qg7 $19 30. Be4 Qxg5) 30. f6 $1 $18 e4 {[%emt 0:04:39] [#]} 31. Rd7 $1 {[%emt 0:00:44] Quite a comeback for White.   Weighted Error Value: White=0.48/Black=0.34} ({Less strong is} 31. Qxg5+ Kh8 $11) 1-0

[Event "1000GM Memorial Day NY IM-C 2023"]
[Site "New York"]
[Date "2023.05.27"]
[Round "3.4"]
[White "Paragua, Mark"]
[Black "Mou, Iris"]
[Result "1-0"]
[ECO "A46"]
[WhiteElo "2442"]
[BlackElo "2002"]
[Annotator "TA"]
[PlyCount "57"]
[EventDate "2023.05.23"]
[EventType "tourn"]
[EventCountry "USA"]
[SourceTitle "playchess.com"]
[Source "ChessBase"]
[SourceQuality "1"]
[TimeControl "5400+30"]

1. d4 Nf6 2. Nf3 e6 3. g3 b5 4. a4 b4 5. Bg2 d5 6. O-O Be7 7. c4 bxc3 8. Nxc3 O-O {[%emt 0:00:54] A46: 1 d4 Nf6 2 Nf3 e6: Torre, London and Colle Systems.} 9. Bf4 a5 10. Rc1 {[%emt 0:00:59] [#]} Bd7 $146 {[%emt 0:08:56] The position is equal.} ({Predecessor:} 10... c6 11. e4 Nxe4 12. Nxe4 dxe4 13. Ne5 f6 14. Nxc6 Nxc6 15. Bxe4 Nxd4 16. Bxa8 e5 17. Be3 Ba6 18. Bxd4 Bxf1 19. Be3 Qxa8 20. Qxf1 Bb4 21. Qc4+ Kh8 {½-½ Gledura,B (2626)-Stremavicius,T (2519) Pan American Intercollegiate-chT 2019 (4.3)}) 11. Ne5 Na6 12. Nb5 Ne8 (12... Be8 $11) 13. e4 $16 {[%emt 0:01:18] White is much more active.} Bxb5 14. axb5 Nb4 15. exd5 Nxd5 (15... exd5 $16 16. Nc6 Nxc6 17. Rxc6 Rb8) 16. Nc6 $36 {[%emt 0:04:08][%mdl 2048] White is on the roll.} Qd7 17. Bxd5 exd5 18. Qb3 {[%emt 0:00:24][%cal Ob3d5] aiming for Qxd5!} Bd6 19. Be5 Qe6 (19... f6 $16 {was called for.}) 20. Rfe1 {[%emt 0:01:39] Hoping for b6.} f6 $2 {[%emt 0:08:33] [#]} (20... a4 21. Qc3 Nf6) 21. Bxd6 {[%emt 0:07:44] White is clearly winning.} Qxd6 22. Rc5 Rf7 23. Rxd5 Qf8 {[%emt 0:01:39] Black is weak on the light squares} 24. Rd8 Rxd8 25. Nxd8 {[%emt 0:00:05][%mdl 64] [#] Pin} Nd6 26. Nxf7 Qxf7 27. Qxf7+ Kxf7 28. Rc1 Nxb5 29. d5 {[%emt 0:00:11] Weighted Error Value: White=0.34/Black=0.33} 1-0

[Event "1000GM Memorial Day NY IM-C 2023"]
[Site "New York"]
[Date "2023.05.27"]
[Round "3.5"]
[White "Poliannikov, Danila"]
[Black "Nemeth, Miklos"]
[Result "1-0"]
[ECO "C92"]
[WhiteElo "2278"]
[BlackElo "2452"]
[Annotator "TA"]
[PlyCount "131"]
[EventDate "2023.05.23"]
[EventType "tourn"]
[EventCountry "USA"]
[SourceTitle "playchess.com"]
[Source "ChessBase"]
[SourceQuality "1"]
[TimeControl "5400+30"]

1. e4 e5 2. Nf3 Nc6 3. Bb5 a6 4. Ba4 Nf6 5. O-O Be7 6. Re1 b5 7. Bb3 d6 8. c3 O-O 9. h3 Bb7 10. d4 Re8 11. Ng5 Rf8 12. Nf3 Re8 13. Nbd2 Bf8 {[%emt 0:00:08] 13...Nb8 is more fashionable.} 14. a4 Na5 {[%emt 0:00:53] C92: Closed Ruy Lopez: 9...Be6, Karpov and Flohr-Zaitsev Variations.} 15. Bc2 b4 16. d5 (16. cxb4 $5 Nc6 $8 17. d5 Nxb4 18. Nc4 $11) 16... bxc3 {[%emt 0:00:06] The position is equal.} 17. bxc3 c6 18. c4 Qc7 19. Ba3 Reb8 20. Bd3 Bc8 21. Qc2 Nh5 22. Rec1 Nf4 23. Bf1 {[%emt 0:00:00] [#]} c5 $146 ({Predecessor:} 23... Bd7 24. Qc3 Rc8 25. Qe3 Qd8 26. c5 cxd5 27. cxd6 f6 28. exd5 Rxc1 29. Rxc1 Bxa4 30. g3 Nxd5 31. Qe4 Nb6 {1-0 Parligras,M (2574)-Bellia,F (2376) Rethymno op 2nd 2010 (8)}) 24. Kh2 Bd7 25. Qd1 Qc8 26. Rc3 Qe8 27. Bc1 Rb4 28. Rca3 Rab8 29. Ne1 (29. Qc2 $11 {deserves consideration.}) 29... f5 (29... Qc8 $15) 30. g3 (30. exf5 $11 Bxf5 31. g3) 30... Ng6 (30... fxe4 $1 $15 31. gxf4 exf4) 31. Nc2 $11 R4b7 (31... Rxa4 $2 32. exf5 Nh8 33. Ne3 $18) 32. exf5 $1 Bxf5 33. Ne3 Bd7 34. Bd3 Qf7 35. Kg2 Be7 36. Bc2 (36. Qf3 Qxf3+ 37. Nxf3 Bf6 $15) 36... Rb4 37. Qe2 Bg5 38. Rc3 Bxe3 (38... Ne7 $11) 39. Rxe3 $16 Ne7 (39... Qf6 $14) 40. Rf3 Qe8 (40... Qh5 $2 41. Rf8+ Rxf8 42. Qxh5 $18) 41. Ne4 Nb3 {[%emt 0:38:20] [#]} (41... Rxc4 $2 42. Nxd6 Bxh3+ 43. Kxh3 $18) (41... Nxc4 $16 {was necessary.} 42. Rc3 Nb6) 42. Ng5 $2 Ng6 $2 {[%emt 0:00:00] [#]} (42... Nxa1 $2 43. Bxh7+ Kh8 44. Qe4 $18) (42... Bxh3+ $2 43. Kxh3 g6 44. Bxb3 Rxb3 45. Ne4 Qc8+ 46. g4 $18) (42... h6 $11 43. Rxb3 Rxb3 44. Bxb3 Rxb3) 43. Rf7 $1 Qxf7 (43... Nxa1 $2 44. Qh5 Qxf7 45. Qxh7+ Kf8 46. Nxf7 Nxc2 47. Nxd6 Ne1+ 48. Kf1 $18) (43... Bxh3+ $2 44. Kxh3 Qxf7 45. Nxf7 $18) 44. Nxf7 Kxf7 45. Bxb3 Rxb3 46. h4 Bf5 47. h5 (47. Qh5 $142 Bd7 48. Ra3 (48. Qxh7 $2 {too greedy.} Rh8 $19)) 47... Ne7 48. Bg5 (48. h6 $16) 48... Bd3 49. Qg4 {[%emt 0:00:14] Some like it hot} Bf5 {[%emt 0:00:00] Wards off Qe6+} (49... Nf5 $1 $14) 50. Qh4 $36 {[%emt 0:00:11][%mdl 2048] White is in control.} Ng8 {[%emt 0:00:00] [#]} 51. h6 ({Better is} 51. f4 $1 $16 ) 51... g6 $1 $14 52. Re1 ({White should play} 52. Kg1 $14) 52... R8b4 $2 {[%emt 0:00:00] [#] This move loses the game for Black.} (52... Rd3 $16) 53. Bd2 $1 $18 Rxa4 $2 (53... Rb8 54. Ba5 Nf6) 54. Qd8 Rb7 55. Qxd6 e4 56. g4 {[%emt 0:01:28][%mdl 64] Deflection} Bxg4 57. Rxe4 Bf5 58. Rf4 (58. Re5 $142 Ra7 59. Qxc5 Rd7 60. Qc6 Re7 61. Rxe7+ Nxe7 62. Qxa4 Ng8 63. Qa1) 58... Re7 59. Qxc5 {[%emt 0:00:12] Threatens to win with d6.} Ra2 60. d6 Rxd2 61. dxe7 Nxe7 62. Qe5 {[%emt 0:00:07] Strongly threatening Rf3.} Rd8 63. Qg7+ Ke6 64. Rf3 {[%emt 0:00:51] Threatening mate with Re3+.} Be4 65. Qf6+ {[%emt 0:00:04][%mdl 64] Skewer} Kd7 66. Qd4+ {[%emt 0:00:07][%mdl 64] Skewer, Double Attack. An entertaining game by Poliannikov.   Weighted Error Value: White=0.17 (very precise) /Black=0.48} 1-0

[Event "1000GM Memorial Day NY IM-C 2023"]
[Site "New York"]
[Date "2023.05.27"]
[Round "4.1"]
[White "Sazci, Bilgen"]
[Black "Nemeth, Miklos"]
[Result "0-1"]
[ECO "C78"]
[WhiteElo "1827"]
[BlackElo "2452"]
[Annotator "TA"]
[PlyCount "68"]
[EventDate "2023.05.23"]
[EventType "tourn"]
[EventCountry "USA"]
[SourceTitle "playchess.com"]
[Source "ChessBase"]
[SourceQuality "1"]
[TimeControl "5400+30"]

1. e4 e5 2. Nf3 Nc6 3. Bb5 a6 4. Ba4 Nf6 5. O-O b5 6. Bb3 Bc5 7. d3 d6 8. a4 {[%emt 0:01:57] outshines the older 8.c3.} Rb8 {[%emt 0:05:05] C78: Ruy Lopez: Archangelsk and Möller Defences.} 9. c3 O-O 10. Nbd2 {[%emt 0:03:34] is the legacy move (10.h3).} h6 {[%emt 0:00:46] The position is equal.} 11. h3 Re8 12. Re1 Bb6 13. Nf1 Be6 14. Bc2 d5 {[%emt 0:02:06] [#]} 15. exd5 $146 ({Predecessor:} 15. axb5 axb5 16. Ng3 Qd7 17. d4 dxe4 18. Nxe5 Nxe5 19. dxe5 Qxd1 20. Rxd1 Nd7 21. Nxe4 Nxe5 {½-½ Matikozian,A (2424)-Amanov,Z (2360) Los Angeles Century West op 2013 (4)}) 15... Qxd5 16. Be3 (16. b4 {keeps more tension.} Rbd8 17. Ng3 Qd6 18. Bd2) 16... Bxe3 17. Nxe3 Qd7 18. Qd2 b4 19. cxb4 Qd6 {[%emt 0:03:39] [#]} 20. b5 $1 axb5 21. axb5 Nb4 22. Rad1 Red8 (22... Rxb5 $2 23. Ba4 Qa6 24. Ra1 $18 (24. Bxb5 Qxb5 25. d4 e4 $16)) 23. d4 e4 24. Ne5 Rxb5 25. N3c4 Bxc4 26. Nxc4 Qc6 27. b3 Qb7 28. Bb1 Rg5 {[%emt 0:10:10][%cal Og5g2] And now ...Rxg2+! would win.} 29. Qf4 {[%emt 0:04:16] [#]} (29. Ne3 $11 {keeps the balance.}) 29... Nbd5 $1 $17 {[%emt 0:01:22][%csl LRb3,LRf4][%cal Bb4d5,Bd5c3,Bc3e2][%mdl 96] Discovered Attack. Excellent horsemanship.} (29... Nd3 $6 30. Bxd3 exd3 31. g3 $11) 30. Bxe4 (30. Qd2 $17 {was worth a try.}) 30... Qxb3 $19 31. Qc1 (31. Bxd5 Nxd5 32. Qc1) 31... Nxe4 {[%emt 0:00:56] Black has a decisive advantage.} ({Don't do} 31... Qxh3 32. Qxg5 hxg5 33. gxh3 $18) 32. Rxe4 {[%emt 0:00:08] [#]} Nc3 $1 ({Much less strong is} 32... Qxh3 33. Qxg5 hxg5 34. gxh3 $18) (32... Qf3 33. Rg4 Rxg4 34. hxg4 Qxg4 35. Ne5 $17) 33. Rd3 Ne2+ {[%emt 0:00:06][%mdl 64] Discovered Attack, Decoy} ({Weaker is} 33... Qxc4 34. Rxc3 Qd5 35. f3 $11) 34. Rxe2 Qxd3 {[%emt 0:00:05] Weighted Error Value: White=0.25 (precise) /Black=0.05 (flawless)} 0-1

[Event "1000GM Memorial Day NY IM-C 2023"]
[Site "New York"]
[Date "2023.05.27"]
[Round "4.2"]
[White "Mou, Iris"]
[Black "Poliannikov, Danila"]
[Result "1-0"]
[ECO "C48"]
[WhiteElo "2002"]
[BlackElo "2278"]
[Annotator "TA"]
[PlyCount "47"]
[EventDate "2023.05.23"]
[EventType "tourn"]
[EventCountry "USA"]
[SourceTitle "playchess.com"]
[Source "ChessBase"]
[SourceQuality "1"]
[TimeControl "5400+30"]

1. e4 e5 2. Nf3 Nc6 3. Nc3 Nf6 4. Bb5 Nd4 5. Bc4 Nxf3+ 6. gxf3 {[%emt 0:00:08] C48: Four Knights: 4 Bb5, replies other than 4...Bb4.} Bc5 7. Rg1 Nh5 {[%emt 0:04:59] [#]} 8. f4 $146 {[%emt 0:00:22] White is slightly better.} ({Predecessor:} 8. d4 Bxd4 9. Ne2 d5 10. Bxd5 c6 11. Nxd4 cxd5 12. Rg5 exd4 13. Rxd5 Qb6 14. Rxh5 Be6 15. b3 O-O 16. Bb2 g6 17. Bxd4 Qc7 18. Bf6 {1-0 Bacrot,E (2709)-Sargissian,G (2668) Antwerp InventiChess 2009 (1)}) 8... Qh4 9. Qf3 Qxf4 (9... exf4 $16 {was called for.} 10. Nd5 Bd6) 10. Qg2 $1 $18 {[%emt 0:00:22][%cal Od2d4] d4! is the strong threat.} (10. Qxf4 Nxf4 11. Rxg7 d6 $11) 10... Qf6 $2 (10... Qh4) 11. Nd5 Qd6 {[%emt 0:01:21] [#]} 12. d4 $1 Bxd4 13. Qf3 Nf4 14. c3 (14. Rxg7 c6 $16) 14... Bb6 $2 (14... c6) 15. Rxg7 Rf8 16. Bxf4 (16. Rxh7 Nxd5 17. Bxd5 Qg6 $18) 16... exf4 {[%emt 0:00:08] Black is weak on the light squares} 17. Qh5 {[%emt 0:01:25] And now 0-0-0 would win.} (17. Qxf4 Qxf4 18. Nxf4 c6 $16) (17. Nxf4 c6 $16) 17... c6 {[%emt 0:05:37] [#]} 18. O-O-O $2 cxd5 $11 19. Rxd5 Qf6 {[%emt 0:10:18] [#]} (19... Qc6 $1 $11 {and Black has nothing to worry.}) 20. Rxf7 $3 $18 Rxf7 21. Rf5 Qg7 (21... Qc6 22. Bd5 {[%mdl 64] Pin} (22. Bxf7+ Kd8 $16) 22... Qd6) 22. Rxf7 Qg1+ 23. Kc2 Kd8 24. Qh4+ {[%emt 0:00:23] Excellently played by Mou!   Weighted Error Value: White=0.37/Black=0.79} 1-0

[Event "1000GM Memorial Day NY IM-C 2023"]
[Site "New York"]
[Date "2023.05.27"]
[Round "4.3"]
[White "Moor, Nathaniel Philip"]
[Black "Paragua, Mark"]
[Result "0-1"]
[ECO "A45"]
[WhiteElo "2185"]
[BlackElo "2442"]
[Annotator "TA"]
[PlyCount "74"]
[EventDate "2023.05.23"]
[EventType "tourn"]
[EventCountry "USA"]
[SourceTitle "playchess.com"]
[Source "ChessBase"]
[SourceQuality "1"]
[TimeControl "5400+30"]

1. d4 Nf6 2. Bf4 g6 3. Nc3 d5 4. e3 Bg7 5. h4 h5 6. Nf3 {[%emt 0:00:11] A45: Trompowsky Attack.} (6. Nb5 $5 Na6 $8 7. Nc3 $11) 6... O-O 7. Ne5 {[%emt 0:00:12] [#]} c5 $1 8. Qd2 {[%emt 0:01:28] The position is equal.} Nc6 9. f3 cxd4 10. exd4 Nd7 (10... Bf5 $5 ) 11. Nxd5 Ndxe5 12. dxe5 Be6 (12... Bf5 $5 ) 13. O-O-O Rc8 {[%emt 0:00:36] [#]} 14. Bb5 $146 ({Predecessor:} 14. Kb1 Nxe5 15. Bxe5 Bxe5 16. g4 hxg4 17. h5 Qxd5 18. Qxd5 Bxd5 19. Rxd5 Rfd8 20. Bc4 Rxd5 21. Bxd5 {0-1 Nathan,N (2071)-Mikaelyan,A (2509) Los Angeles 1000GM Spring op 2023 (1)}) 14... Nxe5 15. Rhe1 Bxd5 (15... Nc4 $2 16. Bxc4 Rxc4 17. Nf6+ Bxf6 18. Qxd8 Rxd8 19. Rxd8+ Kg7 20. Bg5 $18) 16. Bxe5 ({White should try} 16. Qxd5 $14 Qxd5 17. Rxd5) 16... Bxe5 $11 17. Rxe5 e6 18. Bd3 Qf6 (18... Bxa2 19. Qh6 Qf6 20. Rxh5 $14) (18... Qxh4 {is more complex.} 19. Qh6 Qf6 20. Rxh5 Qg7) 19. Rg5 (19. Qg5 $5 Kg7 20. Be4 $11) 19... Rfd8 (19... Bxa2 $6 20. Ra5 Bd5 21. Qg5 Qxg5+ 22. hxg5 $17) 20. Qe3 Bxa2 (20... Bc4 {simplifies} 21. g3 Bxd3 22. Rxd3 Rxd3 23. Qxd3 Rd8) 21. g4 $1 Qd4 $36 {[%emt 0:15:13][%mdl 2048] Black has some pressure.} 22. Qxd4 Rxd4 23. gxh5 Rxh4 24. hxg6 (24. Ra5 $5 Bd5 25. hxg6 $11) 24... f5 {[%emt 0:00:09] Inhibits Be4.} 25. Kd2 Bd5 26. Ke3 Rh3 27. Kd4 (27. Rf1 $15) 27... Kg7 ({Weaker is} 27... Rxf3 28. Rdg1 $15) 28. f4 Rd8 {[%emt 0:00:15] And now ...Bf3+ would win. Black is more active.} 29. Rdg1 (29. Re1 $17) 29... Be4+ $19 30. Kc4 (30. Ke5 {gets mated.} Re3) 30... Bxd3+ 31. cxd3 Rdxd3 {[%emt 0:31:31][%mdl 4096] Endgame KRR-KRR} (31... Rhxd3 $2 {too greedy.} 32. Rh5 R8d4+ 33. Kb5 Rxf4 34. Rh7+ Kg8 35. b4 $19) 32. Re1 {[%emt 0:00:54] [#]} Rd6 33. Ra1 a6 34. Kc5 (34. Ra3 {was worth a try.} Rh2 35. Ra1) 34... Rhd3 {[%emt 0:00:00] ( -> ...b6+). Black is clearly winning.} 35. Kc4 (35. Kb4 $142 R6d4+ 36. Kc5 Rxf4 37. Rag1) 35... b6 36. Rxa6 {[%emt 0:00:25] [#]} b5+ $1 {[%emt 0:00:00][%mdl 576] Discovered Attack, Decoy} 37. Kxb5 (37. Kb4 Rxa6) 37... R3d5+ {[%emt 0:00:00][%mdl 64] Deflection.   Weighted Error Value: White=0.39/Black=0.04 (flawless)} 0-1